 Dungeon Crawl Stone Soup version 0.25-a0-474-ga8a2ee3166 (webtiles) character file.

Game seed: 11857087970771091214, levelgen mode: deterministic

25338 Eurus the Thaumaturge (level 12, -15/88 HPs)
             Began as a Mummy Conjurer on Feb 8, 2020.
             Was an Elder of Ashenzari.
             Killed from afar by an acid blob (17 damage)
             ... with a splash of acid
             ... on level 5 of the Lair of Beasts.
             The game lasted 01:06:22 (21932 turns).

Eurus the Thaumaturge (Mummy Conjurer)             Turns: 21932, Time: 01:06:22

Health: -15/88     AC: 13    Str: 12    XL:     12   Next: 88%
Magic:  37/37      EV:  9    Int: 22    God:    Ashenzari [****..]
Gold:   839        SH: 13    Dex: 12    Spells: 23/35 levels left

rFire    . . .     SeeInvis +   w - +4 falchion (elec)
rCold    + . .     Gourm    .   u - +4 shield of the Hippo {MR+ Regen+ Int+3}
rNeg     + + +     Faith    .   x - +0 swamp dragon scales
rPois    ∞         Spirit   .   d - +2 hat (curse)
rElec    .         Reflect  .   q - +0 cloak
rCorr    .         Harm     .   c - +0 pair of gloves
MR       ++...     Clarity  +   m - +1 pair of boots
Stlth    +.........             r - amulet of the acrobat (curse)
HPRegen  0.64/turn              n - ring of protection from fire
MPRegen  0.25/turn              f - ring of magical power (curse)

@: corroded, very slightly contaminated
A: no food or potions, fire vulnerability, cold resistance 1, negative energy
resistance 3, torment resistance, unbreathing
a: Curse Item, Scrying, Renounce Religion


You were on level 5 of the Lair of Beasts.
You worshipped Ashenzari.
Ashenzari was greatly pleased with you.
You were not hungry.

You visited 3 branches of the dungeon, and saw 16 of its levels.
You also visited: Volcano.

You collected 839 gold pieces.

Inventory:

Hand Weapons
 w - a +4 falchion of electrocution (weapon)
Armour
 c - a +0 pair of gloves (worn)
 d - a cursed +2 hat (worn)
 m - a +1 pair of boots (worn)
 q - a +0 cloak (worn)
 u - the +4 shield of the Hippo (worn) {MR+ Regen+ Int+3}
   (You found it on level 10 of the Dungeon)

   It affects your intelligence (+3).
   It affects your resistance to hostile enchantments.
   It increases your rate of regeneration.
   If you remove this armour, your AC will rise 0 points (13 -> 13)
 x - +0 swamp dragon scales (worn)
 z - a +1 robe of the Archmagi
Jewellery
 f - a cursed ring of magical power (right hand)
 h - an uncursed ring of fire
 i - an uncursed amulet of magic regeneration
 k - a +4 ring of intelligence
 n - a ring of protection from fire (left hand)
 r - a cursed amulet of the acrobat (around neck)
 y - an uncursed ring of protection from magic
Wands
 o - a wand of enslavement (11)
 s - a wand of polymorph (10)
 t - a wand of flame (10)
 v - a wand of digging (3)
Scrolls
 a - a scroll of remove curse
 b - 17 scrolls of identify
 e - 4 scrolls of magic mapping
 g - a scroll of teleportation
 j - 2 scrolls of amnesia
 l - a scroll of blinking
 p - 3 scrolls of fear


   Skills:
 - Level 6.3 Fighting
 + Level 9.2 Armour
 - Level 1.5 Dodging
 - Level 1.5 Stealth
 + Level 5.5 Shields
 - Level 12.0 Spellcasting
 - Level 9.2(11.4) Conjurations
 + Level 6.7(9.1) Translocations
 + Level 3.0(5.0) Air Magic


You had 23 spell levels left.
You knew the following spells:

 Your Spells              Type           Power        Failure   Level  Hunger
a - Magic Dart            Conj           ####         1%          1    N/A
b - Searing Ray           Conj           ######       1%          2    N/A
c - Iskenderun's Mystic   Conj/Tloc      ######..     4%          4    N/A
d - Lightning Bolt        Conj/Air       #####.....   30%         5    N/A

Your spell library contained the following spells:

 Spells                   Type           Power        Failure   Level  Hunger
 Shock                    Conj/Air       ####         1%          1    N/A
 Static Discharge         Conj/Air       #####...     3%          3    N/A
 Dazzling Flash           Conj/Hex       #####.       9%          3    N/A
 Mephitic Cloud           Conj/Pois/Air  #####...     10%         3    N/A
 Poisonous Vapours        Pois/Air       ###...       17%         2    N/A
 Swiftness                Chrm/Air       ###.....     17%         2    N/A
 Sting                    Tmut/Pois      ##..         28%         1    N/A
 Summon Butterflies       Summ           ##......     28%         1    N/A
 Fulminant Prism          Conj/Hex       #####.....   28%         4    N/A
 Airstrike                Air            #####.....   38%         4    N/A
 Call Canine Familiar     Summ           ##......     65%         3    N/A
 Ignite Poison            Fire/Tmut/Pois ##......     65%         3    N/A
 Cause Fear               Hex            ##........   96%         4    N/A
 Olgreb's Toxic Radiance  Pois           ##......     96%         4    N/A
 Summon Ice Beast         Ice/Summ       ##......     96%         4    N/A
 Silence                  Hex/Air        ###.......   97%         5    N/A
 Summon Mana Viper        Hex/Summ       ##......     100%        5    N/A
 Yara's Violent Unravell  Hex/Tmut       ##........   100%        5    N/A
 Deflect Missiles         Chrm/Air       ###.......   100%        6    N/A
 Summon Hydra             Summ           ##........   100%        7    N/A
 Discord                  Hex            ##........   100%        8    N/A

Dungeon Overview and Level Annotations

Branches:
Dungeon (10/15)            Temple (1/1) D:6            Lair (5/6) D:8
 Shoals (0/4) Lair:3        Snake (0/4) Lair:3        Slime (0/5) Lair:5
    Orc (0/2) D:10        Volcano (visited)

Altars:
Ashenzari
Dithmenos
Elyvilon
Gozag
Makhleb
Nemelex Xobeh
Okawaru
Qazlal
Uskayaw
Vehumet
Xom
Yredelemnul
Beogh
Jiyva

Shops:
D:4 [   D:5 %   D:6 *   D:10 =

Annotations:
D:4 exclusions: air elemental, earth elemental, fire elemental and water elemental
D:5 2 transporters, tape's ghost, novice HuHu
D:10 Harold
Lair:2 exclusion: oklob plant
Lair:3 1 runed translucent door, exclusion: sensed monster (detected), Fannar
Lair:4 exclusion: oklob plant
Lair:5 1 runed translucent door


Innate Abilities, Weirdness & Mutations

You do not eat or drink.
Your flesh is vulnerable to fire.
You are immune to poison.
Your flesh is cold resistant. (rC+)
You are immune to negative energy. (rN+++)
You are immune to unholy pain and torment.
You can survive without breathing.


Message History

The splash of acid hits you!
* * * LOW HITPOINT WARNING * * *
The acid corrodes you!
You are splashed with acid.
* * * LOW HITPOINT WARNING * * *
The acid blob hits you but does no damage.
The acid blob barely misses you. The acid blob hits you!
* * * LOW HITPOINT WARNING * * *
You are splashed with acid!
* * * LOW HITPOINT WARNING * * *
Unknown command.
Unknown command.
Unknown command.
Unknown command.
Blink to where?
Press: ? - help, Dir - move target cursor You are very lightly contaminated with residual magic.
As you read the scroll of blinking, it crumbles to dust.
The acid blob spits acid at you. The splash of acid hits you!
You die...

....=.....## #P......##
...........######......#
..............##......##
###....%.......#....#..#
##.#................#### ##
###.##.............### #.
###P.#.#...........# ###.
##.##...#####....#### ##P..
###.#..#..@#.......####...#
##...#JJ_+.......P#PP<.#.
#....#§J.#.###....#...###
#....#####.##...#....##
#.....# #####.#......###
##....## ####....#...
#.....## #P....####.#
#......# ##..### ###
##....P## #P%..#### #


You could see 3 acid blobs.

Vanquished Creatures
  Josephine (Lair:5)
  2 hydras
  A two-headed ogre (D:8)
  Urug (Lair:1)
  Sonja (Lair:1)
  Pikel (D:7)
  3 black mambas
  Psyche (D:10)
  4 spiny frogs
  A rime drake (Lair:3)
  3 komodo dragons
  3 polar bears (Lair:5)
  A troll (D:8)
  A hornet (D:9)
  7 blink frogs
  2 hippogriffs
  Sigmund (D:4)
  A spriggan (D:8)
  4 wraiths (Lair:5)
  21 yaks
  2 wyverns
  Eustachio (D:4)
  2 basilisks
  5 fire bats (Volcano)
  8 porcupines
  17 water moccasins
  Duvessa (D:4)
  A hornet zombie (D:10)
  6 orc warriors
  A slave (D:7)
  A black bear (D:8)
  3 ice beasts
  3 sky beasts
  4 ogres
  8 wolves
  2 phantoms
  5 centaurs
  4 crocodiles
  3 big kobolds
  9 bullfrogs
  A water moccasin zombie (D:5)
  2 scorpions
  A water moccasin skeleton (D:9)
  Dowan (D:4)
  3 jellies
  9 wights
  4 howler monkeys
  6 electric eels (D:8)
  4 crimson imps
  6 lava snakes (Volcano)
  A quasit (D:9)
  8 orc priests
  3 centaur skeletons
  Crazy Yiuf (D:7)
  A bullfrog skeleton (D:5)
  11 hounds
  10 orc wizards
  Natasha (thrice) (D:2)
  A gnoll shaman (D:8)
  3 iguanas
  8 worker ants
  A hound skeleton (D:6)
  A worker ant zombie (D:5)
  10 gnolls
  11 adders
  2 oozes
  An adder skeleton (D:8)
  A worm (D:4)
  A dart slug (D:4)
  3 leopard geckos
  37 orcs
  A ball python (D:2)
  16 bats
  3 giant cockroaches
  8 goblins
  7 hobgoblins
  23 jackals
  23 kobolds
  3 quokkas
  6 frilled lizards
  A leopard gecko zombie (D:5)
  A quokka skeleton (D:4)
  7 rats
  3 plants
403 creatures vanquished.

Vanquished Creatures (others)
  3 fungi
  13 plants
16 creatures vanquished.

Grand Total: 419 creatures vanquished

Notes
Turn   | Place    | Note
-------+----------+-------------------------------------------
     0 | D:1      | Eurus the Mummy Conjurer began the quest for the Orb.
     0 | D:1      | Reached XP level 1. HP: 13/13 MP: 4/4
    73 | D:1      | Reached skill level 3 in Spellcasting
   366 | D:1      | Reached XP level 2. HP: 19/19 MP: 4/6
   376 | D:1      | Learned a level 2 spell: Searing Ray
  1145 | D:1      | Reached XP level 3. HP: 25/25 MP: 5/8
  1176 | D:1      | Reached skill level 1 in Fighting
  1418 | D:2      | Noticed Natasha
  1421 | D:2      | Killed Natasha
  1549 | D:2      | Reached XP level 4. HP: 32/32 MP: 5/9
  1702 | D:2      | Reached skill level 4 in Spellcasting
  1718 | D:2      | Noticed Natasha
  2379 | D:2      | Killed Natasha
  2727 | D:2      | Noticed Natasha
  2731 | D:2      | Killed Natasha
  2731 | D:2      | Reached XP level 5. HP: 39/39 MP: 6/11
  2850 | D:3      | Found a radiant altar of Vehumet.
  3102 | D:3      | Noticed a sky beast
  3130 | D:3      | Killed a sky beast
  3130 | D:3      | Reached skill level 5 in Spellcasting
  3130 | D:3      | Reached XP level 6. HP: 6/47 MP: 1/13
  4583 | D:4      | Noticed Sigmund
  4815 | D:4      | Found a hide-covered altar of Uskayaw.
  4832 | D:4      | Noticed Eustachio
  4949 | D:4      | Found Vusomise's Antique Armour Emporium.
  5100 | D:4      | Reached XP level 7. HP: 53/53 MP: 8/15
  5275 | D:4      | Found a white marble altar of Elyvilon.
  5329 | D:4      | Found a shattered altar of Ashenzari.
  5364 | D:5      | Entered Level 5 of the Dungeon
  5364 | D:5      | Found Qoappudd's Food Boutique.
  5531 | D:5      | Found a transporter.
  5534 | D:5      | Noticed tape's ghost (novice HuHu)
  5547 | D:5      | Found a transporter.
  5554 | D:5      | Found an iron altar of Okawaru.
  5558 | D:4      | Found a shimmering altar of Xom.
  5571 | D:4      | Became a worshipper of Ashenzari the Shackled
  5667 | D:5      | Reached skill level 6 in Spellcasting
  5667 | D:5      | Reached skill level 5 in Conjurations
  5803 | D:5      | Reached skill level 1 in Armour
  6644 | D:6      | Reached skill level 7 in Spellcasting
  6644 | D:6      | Reached XP level 8. HP: 60/60 MP: 11/18
  7242 | D:6      | Found a staircase to the Ecumenical Temple.
  7251 | Temple   | Entered the Ecumenical Temple
  7320 | D:6      | Found Ligyl's General Store.
  8051 | D:7      | Reached skill level 8 in Spellcasting
  8247 | D:7      | Found a runed translucent door.
  8248 | D:7      | Noticed Crazy Yiuf
  8253 | D:7      | Killed Crazy Yiuf
  8298 | D:7      | Noticed Pikel
  8342 | D:6      | Reached XP level 9. HP: 14/65 MP: 6/21
  8841 | D:7      | Killed Pikel
  8841 | D:7      | Reached skill level 9 in Spellcasting
  9352 | D:7      | Reached skill level 5 in Armour
  9520 | D:8      | Noticed a two-headed ogre
  9853 | D:8      | Reached skill level 10 in Spellcasting
 10081 | D:8      | Reached XP level 10. HP: 61/71 MP: 23/24
 10215 | D:7      | Learned a level 4 spell: Iskenderun's Mystic Blast
 10662 | D:8      | Found a sparkling altar of Nemelex Xobeh.
 10662 | D:8      | Found a basalt altar of Yredelemnul.
 10662 | D:8      | Found a burning altar of Makhleb.
 10723 | D:8      | Found a shadowy altar of Dithmenos.
 10769 | D:8      | Found an opulent altar of Gozag.
 11040 | D:8      | Reached skill level 1 in Translocations
 11206 | D:8      | Killed a two-headed ogre
 11206 | D:8      | Reached skill level 5 in Fighting
 11732 | D:8      | Found a staircase to the Lair.
 11742 | D:8      | Reached * piety under Ashenzari
 12067 | Lair:1   | Entered Level 1 of the Lair of Beasts
 12149 | Lair:1   | Reached skill level 11 in Spellcasting
 12394 | Lair:1   | Noticed a spiny frog
 12409 | Lair:1   | Killed a spiny frog
 12498 | Lair:1   | Noticed Urug
 13223 | D:9      | Reached XP level 11. HP: 81/81 MP: 26/26
 13730 | D:10     | Entered Level 10 of the Dungeon
 13779 | D:10     | Found Tuovyzo's Jewellery Shop.
 14196 | D:10     | Reached ** piety under Ashenzari
 14200 | D:10     | Noticed Psyche
 14205 | D:10     | Killed Psyche
 14418 | D:10     | Got the uncursed shield of the Hippo {MR+ Regen+ Int+3}
 14498 | D:10     | Found a staircase to the Orcish Mines.
 14551 | D:10     | Noticed Harold
 15220 | D:10     | Found a roughly hewn altar of Beogh.
 15461 | D:4      | Noticed Dowan
 15462 | D:4      | Noticed Duvessa
 15464 | D:4      | Killed Dowan
 15474 | D:4      | Killed Duvessa
 15558 | D:4      | Found a stormy altar of Qazlal.
 15600 | D:4      | Killed Sigmund
 15731 | D:4      | Killed Eustachio
 15731 | D:4      | Reached skill level 1 in Shields
 15925 | Lair:1   | Killed Urug
 16461 | Lair:1   | Noticed Sonja
 16473 | Lair:1   | Killed Sonja
 16473 | Lair:1   | Reached skill level 12 in Spellcasting
 16813 | Lair:2   | Noticed an oklob plant
 16863 | Lair:2   | Reached *** piety under Ashenzari
 17115 | Lair:2   | Noticed a four-headed hydra
 17126 | Lair:2   | Killed a four-headed hydra
 17452 | Lair:2   | Reached skill level 5 in Translocations
 17452 | Lair:2   | Reached XP level 12. HP: 66/88 MP: 28/28
 17923 | Lair:2   | Identified the +4 shield of the Hippo {MR+ Regen+ Int+3}
                  | (You found it on level 10 of the Dungeon)
 17967 | Lair:3   | Found a staircase to the Shoals.
 18316 | Lair:3   | Found a runed translucent door.
 18318 | Lair:3   | Noticed a seven-headed hydra
 18623 | Lair:3   | Noticed an eight-headed hydra
 18710 | Lair:3   | Found a staircase to the Snake Pit.
 18741 | Lair:3   | Noticed a four-headed hydra
 18756 | Lair:3   | Killed a four-headed hydra
 19172 | Lair:3   | Noticed Fannar
 19345 | Lair:4   | Learned a level 5 spell: Lightning Bolt
 19406 | Lair:4   | Reached **** piety under Ashenzari
 19553 | Lair:4   | Found a white marble altar of Elyvilon.
 20117 | Lair:5   | Reached skill level 1 in Air Magic
 20133 | Lair:5   | Found a dark tunnel.
 20144 | Volcano  | Entered a volcano
 20776 | Lair:5   | Reached skill level 5 in Shields
 20930 | Lair:5   | Found a runed translucent door.
 20931 | Lair:5   | Noticed an acid blob
 20932 | Lair:5   | Found a viscous altar of Jiyva.
 20934 | Lair:5   | Found a staircase to the Slime Pits.
 20934 | Lair:5   | Noticed an acid blob
 20935 | Lair:5   | Noticed an acid blob
 21675 | Lair:5   | Noticed Josephine
 21701 | Lair:5   | Killed Josephine
 21931 | Lair:5   | HP: 2/88 [acid (7)]
 21932 | Lair:5   | Killed from afar by an acid blob

Levels and vault maps discovered:
D:1:      minmay_arrival_cross, layout_loops_ring, minmay_pentomino_s4
D:2:      layout_loops_ring, first_ration, minmay_fractal_squares_5,
          uniq_natasha
D:3:      layout_basic, vehumet_crystals, hangedman_decor_slide_cut
D:4:      layout_loops_cross, overflow_temple_1_default,
          nicolae_overflow_hidden_temple, serial_shops, shop_statue,
          nicolae_qazlal_style_of_elements, uniq_sigmund, uniq_eustachio,
          uniq_duvessa
D:5:      layout_cave_pools, okawaru_gym_becter, gammafunk_ghost_stat_death,
          serial_shops, shop
D:6:      layout_gridville, temple_doors_e, serial_shops, kennysheep_little_box,
          dk_noncrumbling_3
D:7:      layout_gridville, uniq_crazy_yiuf_cottage, uniq_pikel
D:8:      layout_loops_ring, gammafunk_temple_overflow_forgotten,
          overflow_temple_1_default, kennysheep_mini_moat, erik_lair_island,
          grunt_pizzeria, corner_web_ring
D:9:      layout_loops_ring
D:10:     layout_irregular_city, minmay_orc_entry_temple_small, serial_shops,
          shop, uniq_psyche, uniq_harold
Temple:   pf_slime_end_temple
Lair:1:   layout_long_grid, uniq_sonja, uniq_urug
Lair:2:   layout_roguey, hangedman_lair_unloving_vines, serial_bayou_pond_b,
          minmay_lair_oklob_bushes
Lair:3:   layout_concentric_octagons, minmay_shoals_entry_centaurs,
          minmay_snake_entry_six_corridors, pf_torpor_hydra,
          serial_bayou_shore_b, lemuel_fruit_fields, uniq_fannar
Lair:4:   layout_roguey, lemuel_oklob_altar
Lair:5:   layout_hall_layers, slime_altar_2, enter_volcano_1,
          cheibrodos_lair_lostbears, uniq_josephine

Skill      XL: |  1  2  3  4  5  6  7  8  9 10 11 12 |
---------------+-------------------------------------+-----
Spellcasting   | 3 4 5 7 8 10 11 12 | 12.0
Fighting       | 1 2 3 4 5 6 |  6.3
Conjurations   | 4 5 6 7 8 9 |  9.2
Armour         | 2 4 5 6 8 9 |  9.2
Translocations | 2 5 6 |  6.7
Shields        | 3 5 |  5.5
Air Magic      | 3 |  3.0
Dodging        | |  1.5
Stealth        | |  1.5

Action                   |  1- 3 |  4- 6 |  7- 9 | 10-12 || total
-------------------------+-------+-------+-------+-------++-------
Melee: Unarmed           |     9 |       |       |       ||     9
       Dagger            |    29 |    51 |    53 |     7 ||   140
       Halberd           |       |       |       |    39 ||    39
       Falchion          |       |       |       |    20 ||    20
 Cast: Magic Dart        |    60 |    74 |    72 |   150 ||   356
       Searing Ray       |     1 |    25 |    93 |   197 ||   316
       Iskenderun's Myst |       |       |       |     1 ||     1
Invok: Curse Item        |       |       |     2 |     1 ||     3
Evoke: Wand              |       |       |       |     1 ||     1
  Use: Scroll            |       |       |     9 |     8 ||    17
Armor: Robe              |    11 |    12 |    15 |       ||    38
       Ring mail         |       |       |    54 |    72 ||   126
       Swamp dragon scal |       |       |       |    25 ||    25
Dodge: Dodged            |    38 |    54 |    91 |   263 ||   446
Block: Shield            |       |       |       |   105 ||   105
       Rpst.: Falchion   |       |       |       |    33 ||    33

Table legend:
 A = Non-vault XP
 B = Vault XP
 C = Vault XP percentage of total XP
 D = Non-vault monster count
 E = Vault monster count
 F = Vault count percentage of total count
                 A         B        C        D         E       F
            +---------+---------+-------+---------+---------+-------
      Total |   24780 |   11418 |  31.5 |     328 |      71 |  17.8
            +---------+---------+-------+---------+---------+-------
        D:1 |      45 |       5 |  10.0 |      24 |       3 |  11.1
        D:2 |     113 |      56 |  33.1 |      26 |       6 |  18.8
        D:3 |     278 |       0 |   0.0 |      22 |       0 |   0.0
        D:4 |     277 |     624 |  69.3 |      13 |       4 |  23.5
        D:5 |     342 |       0 |   0.0 |      14 |       0 |   0.0
        D:6 |     839 |       0 |   0.0 |      28 |       0 |   0.0
        D:7 |    1526 |     749 |  32.9 |      37 |       3 |   7.5
        D:8 |    3521 |     763 |  17.8 |      42 |       8 |  16.0
        D:9 |    2751 |       0 |   0.0 |      35 |       0 |   0.0
       D:10 |    2134 |     669 |  23.9 |      29 |       8 |  21.6
     Lair:1 |    1954 |    1626 |  45.4 |      12 |       2 |  14.3
     Lair:2 |    3819 |     369 |   8.8 |      11 |       2 |  15.4
     Lair:3 |    2579 |    2438 |  48.6 |      10 |      16 |  61.5
     Lair:4 |    1176 |       0 |   0.0 |       7 |       0 |   0.0
     Lair:5 |    3426 |    2850 |  45.4 |      18 |       8 |  30.8
    Volcano |       0 |    1269 | 100.0 |       0 |      11 | 100.0
            +---------+---------+-------+---------+---------+-------
